 Dungeon Crawl Stone Soup version 0.27.0-1-g7a089689b8 (webtiles) character file.

Game seed: 5471606438901362093

0 Majang the Sneak (level 1, -2/18 HPs)
             Began as a Barachi Delver on Aug 6, 2021.
             Splashed by a jelly's acid (11 damage)
             ... on level 5 of the Dungeon.
             The game lasted 00:01:01 (38 turns).

Majang the Sneak (Barachi Delver)                     Turns: 38, Time: 00:01:01

Health: -2/18      AC: -1    Str: 13    XL:     1   Next: 0%
Magic:  1/1        EV: 12    Int: 10    God:
Gold:   13         SH:  0    Dex: 19    Spells: 0/0 levels left

rFire    . . .     SeeInvis .   a - +0 falchion
rCold    . . .     Faith    .   (no shield)
rNeg     . . .     Spirit   .   b - +0 leather armour
rPois    .         Reflect  .   (no helmet)
rElec    .         Harm     .   (no cloak)
rCorr    .         Rampage  .   (no gloves)
Will     .....                  (no boots)
Stlth    +++.......             (no amulet)
HPRegen  0.06/turn              h - +6 ring of dexterity
MPRegen  0.07/turn              (no ring)

@: corroded, slow
A: amphibious, slowness 1, strong legs 1, +LOS
a: Hop


You were on level 5 of the Dungeon.
You visited 1 branch of the dungeon, and saw 1 of its levels.

You collected 13 gold pieces.

Inventory:

Hand Weapons
 a - a +0 falchion (weapon)
Armour
 b - a +0 leather armour (worn)
 i - a +0 plate armour
Jewellery
 h - a +6 ring of dexterity (left hand)
Wands
 g - a wand of digging (3)
Scrolls
 c - a scroll of fog
 d - a scroll of magic mapping
 e - a scroll of fear
Potions
 f - a potion of haste


   Skills:
 + Level 3.6 Fighting
 * Level 2.4 Long Blades
 - Level 2.1 Dodging
 - Level 4.5 Stealth


You couldn't memorise any spells.
You didn't know any spells.
Your spell library contained the following spells:

 Spells                   Type           Power      Damage    Failure   Level
 Passwall                 Tmut/Erth      0%         N/A       58%         2
 Bolt of Magma            Conj/Fire/Erth 0%         4d4       100%        5
 Death Channel            Necr           0%         N/A       100%        6
 Iron Shot                Conj/Erth      0%         9d1       100%        6


Dungeon Overview and Level Annotations

Branches:
Dungeon (5/15)
 Temple: D:4-7

Altars:


Innate Abilities, Weirdness & Mutations

You are amphibious.
You cover ground slowly.
You can hop short distances.
You have an extended range of vision and can be seen from far away.


Message History

Welcome, Majang the Barachi Delver.
Will you prevail where others failed? Will you find the Orb of Zot?
Press ? for a list of commands and other information.
Found 6 gold pieces.
Found a stone staircase leading down.
You open the door.
Found a golden ring.
There is an open door here.
h - a +6 ring of dexterity You feel agile.
h - a +6 ring of dexterity (left hand)
There is an open door here.
There is a stone staircase leading down here.
Found 7 gold pieces.
Found a plate armour.
Found the Handbook of Dusty Sinister Arts.
Found a mace.
You now have 6 gold pieces.
You see here a +0 plate armour.
i - a +0 plate armour You now have 13 gold pieces (gained 7).
A jelly comes into view.
You see here the Handbook of Dusty Sinister Arts.
You pick up the Handbook of Dusty Sinister Arts and begin reading...
You add the spells Passwall, Bolt of Magma, Iron Shot and Death Channel to your library.
The jelly quivers.
The jelly jiggles.
You slash the jelly!
Your hands burn!
The jelly is heavily wounded.
The jelly hits you but does no damage.
You hit the jelly but do no damage. The acid corrodes you!
Your hands burn!
The jelly is heavily wounded.
The jelly misses you.
You hit the jelly.
Your hands burn!
The jelly is severely wounded.
The jelly hits you.
You are splashed with acid!
Ouch! That really hurt!
You die...

.
.#######
.......
.##....#
..#....#
#.#....#
#.)....#
##.###J#
#.###@#
#.....#
#.....#
.#
#.....#
#.
##....#
..
#....##.#
#.......#
#.##..###
#..#..###


You could see a jelly.

Vanquished Creatures (others)
  An ice beast (D:5)
  An orc wizard (D:5)
  4 gnolls (D:5)
  An adder skeleton (D:5)
  2 orcs (D:5)
9 creatures vanquished.

Notes
Turn   | Place    | Note
-------+----------+-------------------------------------------
     0 | D:5      | Majang the Barachi Delver began the quest for the Orb.
     0 | D:5      | Reached XP level 1. HP: 18/18 MP: 1/1
     8 | D:5      | Killed an orc wizard
    10 | D:5      | Killed an ice beast
    27 | D:5      | Noticed a jelly
    30 | D:5      | Got the Handbook of Dusty Sinister Arts
    38 | D:5      | Splashed by a jelly's acid

Illustrated notes

Levels and vault maps discovered:
D:5:      layout_basic, lemuel_temple_firewalk_a, lemuel_flamethrower_2

Action                   || total
-------------------------++-------
Melee: Falchion          ||     3
Armor: Leather armour    ||     1
Dodge: Dodged            ||     1
